 Dungeon Crawl Stone Soup version 0.28-a0-1616-g050a50673c (webtiles) character file.

Game seed: 15978472925235664461

1528 issech the Cudgeller (level 8, 0/75 (78) HPs)
             Began as a Troll Berserker on Jan 22, 2022.
             Was an Elder of Trog.
             Succumbed to a killer bee's poison
             ... on level 7 of the Dungeon.
             The game lasted 00:17:25 (4762 turns).

issech the Cudgeller (Troll Berserker)              Turns: 4762, Time: 00:17:25

HP:   0/75 (78)     AC:  4    Str: 26    XL:     8   Next: 55%
MP:   7/7           EV: 10    Int:  3    God:    Trog [****..]
Gold: 437           SH: 14    Dex: 17    Spells: 7/7 levels left

rFire   + . .      SeeInvis .   f - +3 whip (venom)
rCold   . . .      Faith    .   d - +0 kite shield
rNeg    . . .      Spirit   .   b - +0 animal skin
rPois   .          Reflect  +   (helmet restricted)
rElec   .          Harm     .   (no cloak)
rCorr   .          Rampage  .   (gloves unavailable)
Will    .....                   (boots unavailable)
Stlth   ++........              q - amulet of reflection
HPRegen 1.02/turn               o - ring of protection from fire
MPRegen 0.10/turn               x - +6 ring of dexterity

@: lethally poisoned (0 -> -10), lightly drained
A: large, unfitting armour, claws 3, regeneration 1, shaggy fur 1, tough skin 1
a: Renounce Religion, Berserk, Trog's Hand, Brothers in Arms


You were on level 7 of the Dungeon.
You worshipped Trog.
Trog was greatly pleased with you.
You visited 1 branch of the dungeon, and saw 7 of its levels.

You collected 437 gold pieces.

Inventory:

Hand Weapons
 a - a +0 mace
 c - a +0 hunting sling
 f - a +3 whip of venom (weapon)
 j - a +1 antimagic whip
 p - the +10 dagger "Lixufoq" {freeze, MP+9 Str-3 SInv}
   (You found it on level 2 of the Dungeon)

   It freezes those it strikes, dealing additional cold damage.
   It can also slow down cold-blooded creatures.
   Str:       It affects your strength (-3).
   MP:        It affects your magic capacity (+9).
   SInv:      It lets you see invisible.
 r - a +3 trident
Missiles
 g - 193 stones (quivered)
 i - 35 bolts
 k - 85 arrows
 s - 9 poisoned darts
 t - 61 sling bullets
Armour
 b - a +0 animal skin (worn)
 d - a +0 kite shield (worn)
Jewellery
 m - a ring of wizardry
 o - a ring of protection from fire (left claw)
 q - an amulet of reflection (around neck)
 x - a +6 ring of dexterity (right claw)
 B - a ring of fire
Wands
 y - a wand of iceblast (10)
Scrolls
 n - 3 scrolls of fog
 v - 2 scrolls of amnesia
 C - 2 scrolls of teleportation
 E - a scroll of fear
 H - a scroll of noise
 I - a scroll of torment
Potions
 e - a potion of attraction
 h - a potion of berserk rage {unknown}
 l - 2 potions of magic
 u - a potion of degeneration {unknown}
 w - 2 potions of curing
 z - 2 potions of heal wounds {unknown}
 A - a potion of lignification {unknown}
 D - a potion of brilliance {unknown}
 F - 2 potions of haste
 L - a potion of mutation {unknown}


   Skills:
 + Level 4.2 Fighting
 + Level 2.4 Short Blades
 + Level 6.1 Maces & Flails
 + Level 0.1 Throwing
 + Level 4.6 Dodging
 + Level 0.7 Stealth
 + Level 3.9 Shields


You had 7 spell levels left.
You didn't know any spells.
Your spell library contained the following spells:

 Spells                   Type           Power      Damage    Failure   Level
 Freeze                   Ice            0%         1d3       80%         1
 Conjure Flame            Conj/Fire      0%         6-21      99%         3
 Frozen Ramparts          Ice            0%         1d2       99%         3
 Ignite Poison            Fire/Tmut/Pois 0%         N/A       99%         3
 Hailstorm                Conj/Ice       0%         3d3       100%        4
 Ice Form                 Ice/Tmut       0%         N/A       100%        4
 Sticky Flame             Conj/Fire      0%         2d3       100%        4
 Summon Ice Beast         Ice/Summ       0%         N/A       100%        4


Dungeon Overview and Level Annotations

Branches:
Dungeon (7/15)
 Temple: D:4-7

Altars:
Dithmenos


Innate Abilities, Weirdness & Mutations

You are too large for most types of armour.
You have claws for hands.
Your natural rate of healing is unusually fast.
You are covered in fur. (AC +1)
You have tough skin. (AC +1)


Message History

The killer bee stings you but does no damage.
You block the killer bee's attack.
The killer bee stings you but does no damage.
You block the killer bee's attack. The killer bee closely misses you.
The killer bee stings you. You block the wight's attack.
The wight hits you with a +4 war axe! The killer bee misses you.
The killer bee barely misses you.
There is a stone staircase leading up, spattered with blood here.
You block the killer bee's attack.
The killer bee stings you but does no damage.
The killer bee stings you.
You are poisoned.
The killer bee poisons you! The killer bee stings you!
You are more poisoned.
The killer bee poisons you! The killer bee stings you.
The killer bee barely misses you.
The killer bee stings you but does no damage.
The wight hits you with a +0 great sword!
You feel drained. You block the wight's attack.
You block the killer bee's attack.
You climb upwards.
You feel very sick.
There is a stone staircase leading down here.
You feel very sick. You block the killer bee's attack.
The killer bee stings you!
* * * LOW HITPOINT WARNING * * *
The killer bee closely misses you. The killer bee stings you!
* * * LOW HITPOINT WARNING * * *
You block the killer bee's attack. The killer bee completely misses you.
You block the killer bee's attack. The killer bee barely misses you.
The wight closely misses you. The wight hits you with a +4 war axe.
* * * LOW HITPOINT WARNING * * *
You feel drained.
The killer bee stings you but does no damage.
The killer bee stings you.
* * * LOW HITPOINT WARNING * * *
You are lethally poisoned!
The killer bee poisons you!
You climb downwards.
You die...

. .# # ..#
###^## ...#
......####....#
###...yyyy.....
......y@y......
##..y.zzy.#.#..
.....zZ.y....
.....y#.##.....
.#....#.# ..#.#
$.....W.# .# #
...#. #.. #
...#. #.#


You could see a phantom (wandering), 10 killer bees, 3 wights and a centaur
zombie.

Vanquished Creatures
  A hornet zombie (D:5)
  An ice beast (D:5)
  2 black bears (D:6)
  2 ogres
  A phantom (D:5)
  A gnoll sergeant (D:5)
  2 scorpions
  A water moccasin zombie (D:6)
  A water moccasin skeleton (D:3)
  2 centaur zombies
  2 bullfrog zombies (D:5)
  2 jellies
  2 hounds
  An orc priest (D:2)
  4 iguanas
  An orc wizard (D:6)
  A hound zombie (D:5)
  A hound skeleton (D:4)
  Robin (D:2)
  7 adders
  An ufetubus (D:4)
  A worm (D:3)
  7 orcs
  3 ball pythons
  4 bats
  7 endoplasms
  A giant cockroach (D:1)
  9 goblins
  12 hobgoblins
  A jackal (D:5)
  4 quokkas
  8 frilled lizards
  6 kobolds
  7 rats
107 creatures vanquished.

Vanquished Creatures (collateral kills)
  A water moccasin skeleton (D:6)
1 creature vanquished.

Grand Total: 108 creatures vanquished

Notes
Turn   | Place    | Note
-------+----------+-------------------------------------------
     0 | D:1      | issech the Troll Berserker began the quest for the Orb.
     0 | D:1      | Reached XP level 1. HP: 22/22 MP: 0/0
   116 | D:1      | Reached XP level 2. HP: 22/29 MP: 1/1
   180 | D:1      | Reached skill level 3 in Maces & Flails
   426 | D:1      | Reached ** piety under Trog
   433 | D:1      | Found a faded altar of an unknown god.
   579 | D:2      | Reached XP level 3. HP: 36/36 MP: 2/2
   595 | D:2      | Noticed Robin
   605 | D:2      | Killed Robin
   893 | D:2      | Reached XP level 4. HP: 33/44 MP: 3/3
   943 | D:2      | Identified the +10 dagger "Lixufoq" {freeze, MP+9 Str-3
                  | SInv}
  1230 | D:3      | Reached *** piety under Trog
  1538 | D:3      | Found a shadowy altar of Dithmenos.
  1751 | D:3      | Reached skill level 1 in Shields
  1751 | D:3      | Reached XP level 5. HP: 53/53 MP: 4/4
  2009 | D:3      | Reached skill level 4 in Maces & Flails
  2603 | D:5      | Entered Level 5 of the Dungeon
  2729 | D:5      | Reached XP level 6. HP: 49/61 MP: 4/5
  3071 | D:5      | Reached XP level 7. HP: 56/67 MP: 6/6
  3088 | D:5      | Reached skill level 5 in Maces & Flails
  3430 | D:5      | Reached skill level 1 in Short Blades
  3817 | D:6      | Reached XP level 8. HP: 54/78 MP: 7/7
  4366 | D:6      | Reached **** piety under Trog
  4687 | D:6      | Reached skill level 6 in Maces & Flails
  4762 | D:7      | Succumbed to a killer bee's poison

Illustrated notes

Levels and vault maps discovered:
D:1:      lightli_arrival_statue_moat, layout_rooms,
          chequers_ecumenical_altar_twisty, minmay_misc_feat_diagonals
D:2:      layout_rooms, uniq_robin
D:3:      layout_basic, mainiacjoe_overflow_small_starburst, minivault_27,
          corexii_corridor_pit
D:4:      layout_basic
D:5:      layout_gridville, minmay_joined_circles
D:6:      black_bear_nest_1, layout_basic
D:7:      layout_basic, temple_statues

Skill      XL: |  1  2  3  4  5  6  7  8 |
---------------+-------------------------+-----
Maces & Flails | 3 4 5 6 |  6.1
Dodging        | 3 4 |  4.6
Fighting       | 3 4 |  4.2
Shields        | 1 2 3 |  3.9
Short Blades   | 1 2 |  2.4
Throwing       | |  0.1
Stealth        | |  0.7

Action                   |  1- 3 |  4- 6 |  7- 9 || total
-------------------------+-------+-------+-------++-------
Melee: Mace              |    43 |       |       ||    43
       Whip              |    87 |   138 |    78 ||   303
       Dagger            |       |     1 |    52 ||    53
Throw: Stone             |       |       |     4 ||     4
  Use: Scroll            |     2 |     3 |     9 ||    14
Armor: Animal skin       |    48 |    21 |    23 ||    92
Dodge: Dodged            |    59 |    29 |    38 ||   126
Block: Kite shield       |    27 |    76 |    86 ||   189

Table legend: (Time is in decaauts)
 A = Elapsed time spent in this place.
 B = Non-inter-level travel time spent in this place.
 C = Inter-level travel time spent in this place.
 D = Time resting spent in this place.
 E = Time spent auto-exploring this place.
 F = Levels seen in this place.
 G = Mean time per level.
                   A        B        C        D        E       F      G
               +--------+--------+--------+--------+--------+-----+--------+
         Total |   4795 |   4756 |     39 |    161 |   2804 |   7 |  685.0 |
       Dungeon |   4795 |   4756 |     39 |    161 |   2804 |   7 |  685.0 |
               +--------+--------+--------+--------+--------+-----+--------+

Top non-repeatable levels by time:
     D:5: 1106 daAuts
     D:3: 982 daAuts
     D:6: 975 daAuts
     D:1: 589 daAuts
     D:2: 582 daAuts
     D:4: 555 daAuts
     D:7: 4 daAuts
